AoeStats
← Warcanoe

Arena

506714212Analyzed
4v4 RM · 18d ago on Sep 14, 2026· 20m 24s· 8 players
Game mode
Random Map
Map size
Large (8 player)
Population
200
Speed
Normal
Resources
Standard
Victory
Conquest
Starting age
Dark Age
Ending age
Imperial Age
RankedLock teamsTeams togetherTeam positionsShared explorationLock speedFull tech treeHidden civsTurbo modeCheats
Victory
Defeat
🇵🇱 Cumans · Poland
1279
+16
🇵🇱 Armenians · Poland
1277
+16
🇲🇽 Hindustanis · Mexico
1266
+16
🇨🇭 Romans · Switzerland
1230
+18
🇮🇹 Celts · Italy
1302
-18
🇮🇹 Wei · Italy
1271
-16
🇷🇺 Bohemians · Russia
1270
-16
🇮🇹 Khmer · Italy
1261
-16
Caronte
9:53 Feudal Age
10:30 Loom
14:04 Castle Age
14:44 Double-Bit Axe
Notevidius
5:53 Loom
9:31 Feudal Age
9:48 Man-at-Arms
10:18 Double-Bit Axe
11:23 Long Swordsman
12:55 Horse Collar
18:37 Pikeman
22:23 Castle Age
Gitan
9:30 Feudal Age
10:19 Double-Bit Axe
16:59 Horse Collar
21:30 Castle Age
Warcanoe
10:10 Feudal Age
11:25 Man-at-Arms
13:58 Scale Mail Armor
19:11 Loom
20:34 Horse Collar
Edoz
8:00 Loom
10:06 Feudal Age
11:37 Padded Archer Armor
11:30 Fletching
16:20 Double-Bit Axe
16:16 Horse Collar
16:28 Gold Mining
Themagic
11:17 Feudal Age
14:56 Castle Age
13:07 Double-Bit Axe
16:20 Bow Saw
17:55 Scale Barding Armor
Chiara
11:32 Feudal Age
14:39 Castle Age
13:24 Double-Bit Axe
14:57 Crossbowman
18:16 Loom
19:44 Bloodlines
HSL | Jason Bourne
5:40 Loom
8:52 Feudal Age
9:41 Double-Bit Axe
9:46 Stone Mining
15:10 Fletching
18:08 Horse Collar
Connection lost

Rejoining the realm…

Still unreachable

The connection could not be restored.

Session expired

The server has moved on; the page needs a fresh start.